 Seeded DCSS version 0.29.0-13-gc9e81de378 (webtiles) character file.

Game seed: 9997410970728886651 (custom seed)

4280 nickcage the Impaler (level 10, -1/76 HPs)
             Began as a Merfolk Gladiator on Sept 7, 2022.
             Shot with an arrow by a centaur (7 damage)
             ... on level 9 of the Dungeon.
             The game lasted 00:13:44 (8068 turns).

nickcage the Impaler (Merfolk Gladiator)            Turns: 8068, Time: 00:13:45

Health: -1/76      AC: 13    Str: 25    XL:     10   Next: 32%
Magic:  10/10      EV:  8    Int:  8    God:
Gold:   307        SH:  0    Dex: 15    Spells: 9/9 levels left

rFire   + + .      SeeInvis .   w - +9 glaive of Aclucef {vorpal, rPois rF+}
rCold   . . .      Faith    .   (shield currently unavailable)
rNeg    . . .      Spirit   .   E - +0 plate armour
rPois   +          Reflect  .   c - +0 helmet
rElec   .          Harm     .   (no cloak)
rCorr   .          Rampage  .   m - +1 pair of gloves
Will    .....                   (no boots)
Stlth   ..........              (no amulet)
HPRegen 0.22/turn               n - +6 ring of strength
MPRegen 0.12/turn               q - ring of protection from fire

@: no status effects
A: (nimble swimmer 2), mertail
a: no special abilities


You were on level 9 of the Dungeon.
You visited 2 branches of the dungeon, and saw 10 of its levels.

You collected 433 gold pieces.
You spent 126 gold pieces at shops.

Inventory:

Hand Weapons
 a - a +0 trident of venom
 w - the +9 glaive of Aclucef (weapon) {vorpal, rPois rF+}
   (You found it on level 2 of the Dungeon)

   It inflicts extra damage upon your enemies.
   rF:        It protects you from fire.
   rPois:     It protects you from poison.
 J - a +0 halberd
Missiles
 d - 3 throwing nets
Armour
 b - a +0 leather armour
 c - a +0 helmet (worn)
 m - a +1 pair of gloves (worn)
 o - a +0 chain mail
 E - a +0 plate armour (worn)
Jewellery
 f - a +6 ring of intelligence
 g - a ring of fire
 n - a +6 ring of strength (left hand)
 q - a ring of protection from fire (right hand)
 F - a ring of flight
 L - a ring of fire
 M - a +6 ring of strength
Wands
 t - a wand of flame (55) (quivered)
 A - a wand of acid (2)
Scrolls
 h - 2 scrolls of immolation
 k - a scroll of magic mapping
 p - a scroll of amnesia
 r - 3 scrolls of teleportation
 v - a scroll of identify
 y - a scroll of summoning {unknown}
 H - a scroll of vulnerability {unknown}
 I - a scroll of blinking {unknown}
Potions
 e - a potion of haste {unknown}
 i - 5 potions of heal wounds
 j - 3 potions of lignification
 l - a potion of magic {unknown}
 s - 2 potions of berserk rage
 u - 2 potions of invisibility {unknown}
 x - 3 potions of brilliance
 z - 4 potions of mutation {unknown}
 B - a potion of degeneration {unknown}
 C - 4 potions of curing
 D - a potion of flight {unknown}
 G - a potion of resistance {unknown}
 K - a potion of cancellation {unknown}


   Skills:
 + Level 6.0 Fighting
 + Level 17.7 Polearms
 - Level 2.0 Throwing
 - Level 4.0 Dodging


You had 9 spell levels left.
You didn't know any spells.
Your spell library contained the following spells:

 Spells                   Type           Power      Damage    Failure   Level
 Confusing Touch          Hex            0%         N/A       100%        3
 Tukima's Dance           Hex            0%         N/A       100%        3
 Passage of Golubria      Tloc           0%         N/A       100%        4
 Yara's Violent Unravell  Hex/Tmut       0%         3d3       100%        5
 Enfeeble                 Hex            0%         N/A       100%        7


Dungeon Overview and Level Annotations

Branches:
Dungeon (9/15)             Temple (1/1) D:4            Lair (0/5) D:8
    Orc: D:9-12

Altars:
Ashenzari
Cheibriados
Dithmenos
Fedhas
Gozag
Kikubaaqudgha
Nemelex Xobeh
Okawaru
Qazlal
Trog
Uskayaw
Vehumet
Wu Jian
Yredelemnul
Zin
The Shining One

Shops:
D:7 [


Innate Abilities, Weirdness & Mutations

((You are very nimble when in or above water. (Stealth+, EV+, Speed+++)))
Your lower body shifts to a powerful aquatic tail in water.


Message History

The two-headed ogre is moderately wounded.
The two-headed ogre hits you with a +0 giant club!!
The two-headed ogre barely misses you.
The centaur unwields a +0 shortbow.
The centaur closely misses you. The centaur barely misses you.
You barely miss the two-headed ogre.
The two-headed ogre is moderately wounded.
The centaur hits you but does no damage.
The centaur barely misses you.
You barely miss the two-headed ogre.
The two-headed ogre is moderately wounded.
The two-headed ogre hits you with a +0 giant club!
The two-headed ogre completely misses you.
The centaur hits you but does no damage.
The centaur kicks you but does no damage.
The two-headed ogre attacks as you move away!
The two-headed ogre hits you with a +0 giant club!
The two-headed ogre barely misses you.
The centaur wields a +0 shortbow.
The centaur shoots an arrow.
The arrow barely misses you.
The centaur shoots an arrow.
The arrow hits you.
* * * LOW HITPOINT WARNING * * *
There is an open door here.
The centaur shoots an arrow.
The arrow hits you.
* * * LOW HITPOINT WARNING * * *
The centaur shoots an arrow.
The arrow hits you!
* * * LOW HITPOINT WARNING * * *
The centaur shoots an arrow.
The arrow hits you.
* * * LOW HITPOINT WARNING * * *
The centaur shoots an arrow.
The arrow hits you but does no damage.
There is an open door here.
Things that are here:
a +0 hand axe; a +0 leather armour; an orc corpse You see here a +0 hand axe.
The centaur shoots an arrow.
The arrow barely misses you.
The centaur shoots an arrow.
The arrow closely misses you.
There is an open door here.
The centaur shoots an arrow.
The arrow hits you but does no damage.
The centaur shoots an arrow.
The arrow barely misses you.
The centaur shoots an arrow.
The arrow hits you but does no damage.
The centaur shoots an arrow.
The arrow hits you!
You die...

####
################...
#.........##...'...
#.@..O....##c###...
#.........#))# #...
#<........#O## #...
#......c..#.# #...
#.........'.# #...
#..>......### #...
#.........# #.(.
#######+### ##+#


You could see a two-headed ogre and a centaur.

Vanquished Creatures
  A hornet (D:7)
  A wyvern (D:8)
  A steam dragon (D:4)
  4 orc warriors
  3 sky beasts
  A black bear (D:6)
  2 ice beasts
  An ogre (D:5)
  4 centaurs
  Blork the orc (D:5)
  2 kobold brigands
  4 bullfrogs (D:8)
  2 necrophages
  7 scorpions
  6 wights
  8 howler monkeys (D:7)
  5 hounds
  8 orc priests
  A gnoll bouda (D:5)
  3 iguanas
  3 orc wizards
  7 gnolls
  11 adders
  An ufetubus (D:6)
  3 dart slugs
  A worm (D:2)
  46 orcs
  14 endoplasms
  10 hobgoblins
  2 jackals (D:2)
  4 quokkas
  7 ball pythons
  7 bats
  4 frilled lizards (D:1)
  6 goblins
  11 kobolds
  9 rats
211 creatures vanquished.

Vanquished Creatures (others)
  9 fungi (D:8)
  4 plants
13 creatures vanquished.

Grand Total: 224 creatures vanquished

Notes
Turn   | Place    | Note
-------+----------+-------------------------------------------
     0 | D:1      | nickcage the Merfolk Gladiator began the quest for the Orb.
     0 | D:1      | Reached XP level 1. HP: 16/16 MP: 1/1
    10 | D:1      | Noticed a snapping turtle
    10 | D:1      | Noticed a six-headed hydra
    10 | D:1      | Noticed a lindwurm
    11 | D:1      | Noticed an anaconda
    11 | D:1      | Noticed a polar bear
   213 | D:1      | Reached XP level 2. HP: 21/22 MP: 2/2
   312 | D:1      | Reached skill level 5 in Polearms
   542 | D:1      | Reached XP level 3. HP: 27/27 MP: 3/3
   649 | D:1      | Found a faded altar of an unknown god.
  1429 | D:2      | Identified the +0 leather armour of Divine Intervention
                  | {rElec rCorr}
  1440 | D:2      | Reached skill level 6 in Polearms
  1637 | D:2      | Found a blossoming altar of Fedhas.
  1678 | D:2      | Reached XP level 4. HP: 33/33 MP: 4/4
  1828 | D:2      | Identified the +9 glaive of Aclucef {vorpal, rPois rF+}
  2129 | D:3      | Reached skill level 7 in Polearms
  2171 | D:3      | Reached XP level 5. HP: 37/38 MP: 5/5
  2243 | D:3      | Found a shadowy altar of Dithmenos.
  2620 | D:4      | Reached skill level 8 in Polearms
  2894 | D:4      | Found a staircase to the Ecumenical Temple.
  2935 | Temple   | Entered the Ecumenical Temple
  3393 | D:4      | Noticed a steam dragon
  3397 | D:4      | Killed a steam dragon
  3398 | D:4      | Reached skill level 9 in Polearms
  3398 | D:4      | Reached XP level 6. HP: 33/44 MP: 6/6
  4109 | D:5      | Entered Level 5 of the Dungeon
  4111 | D:5      | Reached skill level 10 in Polearms
  4111 | D:5      | Reached XP level 7. HP: 50/50 MP: 7/7
  4204 | D:5      | Reached skill level 11 in Polearms
  4344 | D:5      | Noticed Blork the orc
  4350 | D:5      | Killed Blork the orc
  4368 | D:5      | Reached skill level 12 in Polearms
  4368 | D:5      | Reached XP level 8. HP: 38/56 MP: 8/8
  4613 | D:5      | Reached skill level 13 in Polearms
  5186 | D:5      | Reached skill level 14 in Polearms
  5488 | D:6      | Reached XP level 9. HP: 62/62 MP: 9/9
  5592 | D:6      | Reached skill level 15 in Polearms
  5652 | D:6      | Found a hide-covered altar of Uskayaw.
  5994 | D:7      | Reached skill level 16 in Polearms
  6114 | D:7      | Found Kiunafo's Armour Emporium.
  6123 | D:7      | Bought a +1 pair of gloves for 126 gold pieces
  6405 | D:7      | Noticed a hornet
  6409 | D:7      | Killed a hornet
  6793 | D:8      | Reached skill level 5 in Fighting
  6795 | D:8      | Reached XP level 10. HP: 73/74 MP: 10/10
  6806 | D:8      | Reached skill level 17 in Polearms
  7417 | D:8      | Found a staircase to the Lair.
  8031 | D:9      | Noticed a two-headed ogre
  8050 | D:9      | HP: 2/76 [centaur/arrow (5)]
  8068 | D:9      | Shot with an arrow by a centaur

Illustrated notes

Levels and vault maps discovered:
D:1:      onia_arrival_zoo_common, layout_basic, basic_ecumenical_altar,
          minmay_bisected
D:2:      layout_rooms, basic_altar
D:3:      layout_basic, nicolae_dithmenos_the_darkroom
D:4:      layout_gridville, minmay_temple_entry_overgrown, st_stairs_5
D:5:      layout_loops_ring, st_stairs_11, sword_in_stone
D:6:      layout_basic, nicolae_uskayaw_dance_hall
D:7:      layout_loops_ring, serial_shops, kennysheep_little_box
D:8:      layout_loops_corners, grunt_lair_entry_orc_guard_hut,
          serial_park_tiny_1, chequers_serial_rivers_small_3,
          nicolae_straight_to_the_point
D:9:      layout_roguey, mainiacjoe_overflow_cross_hatched
Temple:   eino_temple_water

Skill      XL: |  1  2  3  4  5  6  7  8  9 10 |
---------------+-------------------------------+-----
Polearms       | 5 6 7 9 10 12 14 16 17 | 17.7
Fighting       | 5 6 |  6.0
Throwing       | |  2.0
Dodging        | |  4.0

Action                   |  1- 3 |  4- 6 |  7- 9 | 10-12 || total
-------------------------+-------+-------+-------+-------++-------
Melee: Trident           |   125 |    24 |       |       ||   149
       Punch             |     2 |       |       |       ||     2
       Glaive            |       |    63 |   174 |    71 ||   308
Throw: Javelin           |       |     1 |       |       ||     1
       Throwing net      |       |     1 |       |       ||     1
Evoke: Wand              |       |       |     2 |       ||     2
  Use: Scroll            |       |       |    13 |       ||    13
 Stab: Sleeping          |     2 |       |       |       ||     2
Armor: Leather armour    |    21 |       |       |       ||    21
       Chain mail        |    20 |    39 |     4 |       ||    63
       Plate armour      |       |       |    45 |    22 ||    67
Dodge: Dodged            |    43 |    29 |    30 |    23 ||   125
